 Dungeon Crawl Stone Soup version 0.27-a0-1590-g15f69828bf (webtiles) character file.

Game seed: 14197696246887213508

259 Sin92 the Skirmisher (level 5, -1/42 HPs)
             Began as a Demonspawn Fighter on July 18, 2021.
             Slain by a steam dragon (4 damage)
             ... on level 4 of the Dungeon.
             The game lasted 00:04:18 (3450 turns).

Sin92 the Skirmisher (Demonspawn Fighter)           Turns: 3450, Time: 00:04:19

Health: -1/42      AC:  6    Str: 18    XL:     5   Next: 94%
Magic:  5/5        EV:  7    Int:  9    God:
Gold:   1119       SH:  9    Dex: 12    Spells: 4/4 levels left

rFire    . . .     SeeInvis .   a - +0 flail
rCold    . . .     Faith    .   c - +0 kite shield
rNeg     . . .     Spirit   .   b - +0 scale mail
rPois    .         Reflect  .   (no helmet)
rElec    .         Harm     .   (no cloak)
rCorr    .         Rampage  .   (no gloves)
Will     .....                  (no boots)
Stlth    ..........             (no amulet)
HPRegen  0.14/turn              (no ring)
MPRegen  0.09/turn              (no ring)

@: mighty
A: claws 2, hooves 1
a: no special abilities


You were on level 4 of the Dungeon.
You visited 1 branch of the dungeon, and saw 4 of its levels.

You collected 1119 gold pieces.

Inventory:

Hand Weapons
 a - a +0 flail (weapon)
Armour
 b - a +0 scale mail (worn)
 c - a +0 kite shield (worn)
 d - a +0 chain mail
Scrolls
 e - 2 scrolls of holy word {unknown}
 f - 2 scrolls of identify {unknown}
 h - a scroll of magic mapping {unknown}
 l - a scroll of summoning {unknown}
 q - a scroll of enchant armour {unknown}
 r - a scroll of noise {unknown}
 s - 2 scrolls of vulnerability {unknown}
Potions
 g - a potion of curing {unknown}
 i - a potion of haste {unknown}
 j - a potion of resistance
 k - 4 potions of heal wounds
 m - a potion of mutation {unknown}
 n - 2 potions of ambrosia {unknown}
 p - a potion of brilliance {unknown}


   Skills:
 + Level 3.8 Fighting
 * Level 3.5 Maces & Flails
 + Level 3.4 Armour
 + Level 1.9 Dodging
 + Level 3.4 Shields


You had 4 spell levels left.
You didn't know any spells.
Your spell library contained the following spells:

 Spells                   Type           Power      Damage    Failure   Level
 Corona                   Hex            0%         N/A       99%         1
 Ensorcelled Hibernation  Hex/Ice        0%         N/A       100%        2
 Tukima's Dance           Hex            0%         N/A       100%        3


Dungeon Overview and Level Annotations

Branches:
Dungeon (4/15)
 Temple: D:4-7

Altars:

Annotations:
D:3 2 runed translucent doors, Persephone's ghost, amateur GrFi


Innate Abilities, Weirdness & Mutations

You have very sharp fingernails.
You have large cloven feet.


Message History

The steam dragon hisses angrily.
The steam dragon breathes steam at you. The ball of steam hits you!
The steam dragon moves out of view.
Unknown command.
No target in view!
You're standing in a cloud of steam!
Unknown command.
No target in view!
Unknown command.
You're standing in a cloud of steam!
No target in view!
Unknown command.
You're standing in a cloud of steam!
You barely miss the steam dragon. Your kick misses the steam dragon.
The steam dragon bites you but does no damage.
You block the steam dragon's attack. The steam dragon bites you.
The steam dragon barely misses you.
You feel very mighty all of a sudden. The steam dragon barely misses you.
You block the steam dragon's attack.
You sock the steam dragon!
The steam dragon is heavily wounded.
The steam dragon bites you.
The steam dragon claws you but does no damage.
You sock the steam dragon!
The steam dragon is severely wounded.
The steam dragon bites you!
* * * LOW HITPOINT WARNING * * *
The steam dragon closely misses you. The steam dragon bites you.
* * * LOW HITPOINT WARNING * * *
The steam dragon claws you but does no damage.
You completely miss the steam dragon.
The steam dragon is severely wounded.
The steam dragon bites you but does no damage.
The steam dragon barely misses you.
You barely miss the steam dragon. Your kick misses the steam dragon.
The steam dragon is severely wounded.
The steam dragon bites you.
* * * LOW HITPOINT WARNING * * *
The steam dragon claws you.
You die...

##..................#.#<.
##........#..........###..
#....#....#...........##..
##...#............#.......
##..#.#### ......#.
##...## .#..##.. #.....###
## #..# ..# ##......#
.D### ..# #..
#.....@#ยงยง.... .. #..
#.....#.D...# ..#
#......#......#
###.......##..# #.......##
..# #...)..## #. #..##.##
##


You could see a steam dragon.

Vanquished Creatures
  A vampire bat (D:3)
  Terence (D:2)
  4 adders
  An adder skeleton (D:4)
  3 dart slugs
  3 fire bats (D:3)
  5 orcs (D:4)
  2 spectral bats (D:3)
  5 ball pythons
  3 bat skeletons (D:3)
  A bat zombie (D:3)
  4 endoplasms (D:1)
  A giant cockroach (D:1)
  4 goblins
  9 hobgoblins
  2 jackals (D:2)
  A quokka (D:3)
  16 bats
  A bat simulacrum (D:3)
  3 frilled lizards
  5 kobolds
  7 rats
82 creatures vanquished.

Notes
Turn   | Place    | Note
-------+----------+-------------------------------------------
     0 | D:1      | Sin92 the Demonspawn Fighter began the quest for the Orb.
     0 | D:1      | Reached XP level 1. HP: 18/18 MP: 1/1
   299 | D:1      | Gained mutation: You have large cloven feet. [demonic
                  | ancestry]
   299 | D:1      | Reached XP level 2. HP: 24/24 MP: 2/2
   594 | D:1      | Found a faded altar of an unknown god.
   730 | D:1      | Reached XP level 3. HP: 29/29 MP: 3/3
  1316 | D:2      | Noticed Terence
  1330 | D:2      | Killed Terence
  1331 | D:2      | Reached skill level 1 in Dodging
  1331 | D:2      | Gained mutation: You have sharp fingernails. [demonic
                  | ancestry]
  1331 | D:2      | Reached XP level 4. HP: 7/35 MP: 4/4
  2348 | D:3      | Found a large runed translucent door.
  2349 | D:3      | Found a large runed translucent door.
  2350 | D:3      | Noticed Persephone's ghost (amateur GrFi)
  2607 | D:3      | Gained mutation: You have very sharp fingernails. [demonic
                  | ancestry]
  2607 | D:3      | Reached XP level 5. HP: 41/41 MP: 5/5
  2911 | D:4      | Identified a scroll of acquirement
  2911 | D:4      | Acquired 933 gold pieces
  3441 | D:4      | Noticed a steam dragon
  3450 | D:4      | Slain by a steam dragon

Illustrated notes

Levels and vault maps discovered:
D:1:      moated_graveyard_arrival, layout_basic,
          dreamdust_ecumenical_altar_angels_and_demons, serial_glass,
          glass_columns_a, glass_columns_b, glass_columns_a, glass_columns_a,
          glass_columns_a, glass_columns_c
D:2:      minmay_door_path, layout_rooms, minmay_quadrilaterals, uniq_terence
D:3:      layout_basic, ebering_ghost_disaster_area, goddamned_bats
D:4:      layout_cave_pools, minmay_temple_entry_wispy

Skill      XL: |  1  2  3  4 |
---------------+-------------+-----
Maces & Flails | 2 3 |  3.5
Shields        | 3 |  3.4
Armour         | 3 |  3.4
Dodging        | 1 |  1.9
Fighting       | |  3.8

Action                   |  1- 3 |  4- 6 || total
-------------------------+-------+-------++-------
Melee: Flail             |   107 |   144 ||   251
       Kick              |    17 |    24 ||    41
  Use: Potion            |     3 |     1 ||     4
       Scroll            |       |     1 ||     1
Armor: Scale mail        |    49 |   107 ||   156
Dodge: Dodged            |    40 |    82 ||   122
Block: Kite shield       |    56 |   100 ||   156

Table legend: (Time is in decaauts)
 A = Elapsed time spent in this place.
 B = Non-inter-level travel time spent in this place.
 C = Inter-level travel time spent in this place.
 D = Time resting spent in this place.
 E = Time spent auto-exploring this place.
 F = Levels seen in this place.
 G = Mean time per level.
                   A        B        C        D        E       F      G
               +--------+--------+--------+--------+--------+-----+--------+
         Total |   3577 |   3506 |     71 |    378 |   2504 |   4 |  894.2 |
       Dungeon |   3577 |   3506 |     71 |    378 |   2504 |   4 |  894.2 |
               +--------+--------+--------+--------+--------+-----+--------+

Top non-repeatable levels by time:
     D:2: 1195 daAuts
     D:3: 980 daAuts
     D:1: 838 daAuts
     D:4: 563 daAuts
